 Dungeon Crawl Stone Soup version 0.23.2-1-ga50397a6bc (webtiles) character file.

Game seed: 8254825023979441797

374 MisterOstroum the Sneak (level 6, -2/28 HPs)
             Began as a Spriggan Enchanter on May 10, 2019.
             Was an Initiate of Dithmenos.
             Slain by Duvessa
             ... wielding a +0 short sword
              (8 damage)
             ... on level 4 of the Dungeon on May 11, 2019.
             The game lasted 00:25:59 (4524 turns).

MisterOstroum the Sneak (Spriggan Enchanter)        Turns: 4524, Time: 00:26:00

Health: -2/28      AC:  2    Str:  4    XL:     6   Next: 43%
Magic:  1/14       EV: 18    Int: 19    God:    Dithmenos [......]
Gold:   186        SH:  0    Dex: 16    Spells: 9/15 levels left

rFire    . . .     SeeInvis +   a - +1 dagger
rCold    . . .     Gourm    .   (shield restricted)
rNeg     . . .     Faith    .   b - +0 robe
rPois    .         Spirit   .   (helmet restricted)
rElec    .         Reflect  .   (no cloak)
rCorr    .         Harm     .   (gloves unavailable)
MR       +....                  (boots unavailable)
Stlth    +++.......             (no amulet)
HPRegen  0.09/turn              (no ring)
MPRegen  0.14/turn              (no ring)

@: very quick
A: very small, unfitting armour, see invisible, herbivore, speed 3, slow
metabolism 2
a: Renounce Religion


You were on level 4 of the Dungeon.
You worshipped Dithmenos.
Dithmenos was noncommittal.
You were not hungry.

You visited 1 branch of the dungeon, and saw 4 of its levels.

You collected 186 gold pieces.

Inventory:

Hand Weapons
 a - a +1 dagger (weapon)
Missiles
 d - 158 stones (quivered)
 l - 16 poisoned needles
 r - 2 tomahawks
Armour
 b - a +0 robe (worn)
 g - a +0 buckler
Scrolls
 c - 2 scrolls of fog {unknown}
 f - 2 scrolls of remove curse {unknown}
 h - 2 scrolls of identify {unknown}
 i - a scroll of enchant armour {unknown}
 o - 3 scrolls of teleportation {unknown}
 p - a scroll of fear {unknown}
 t - a scroll of enchant weapon {unknown}
Potions
 j - a potion of berserk rage {unknown}
 k - a potion of brilliance {unknown}
 m - a potion of invisibility {unknown}
 n - a potion of heal wounds {unknown}
 q - a potion of haste {unknown}
 s - a potion of magic {unknown}
Comestibles
 e - 7 rations


   Skills:
 + Level 0.0 Fighting
 + Level 3.9 Short Blades
 - Level 3.0 Dodging
 - Level 6.0 Stealth
 - Level 5.0 Spellcasting
 + Level 4.1 Hexes
 - Level 2.2 Ice Magic


You had 9 spell levels left.
You knew the following spells:

 Your Spells              Type           Power        Failure   Level  Hunger
a - Ensorcelled Hibernat  Hex/Ice        ###...       4%          2    #......
b - Confuse               Hex            ###.....     7%          3    ##.....
c - Corona                Hex            ###....      2%          1    None

Your spell library contained the following spells:

 Spells                   Type           Power        Failure   Level  Hunger
 Tukima's Dance           Hex            ###.....     7%          3    ##.....
 Dazzling Spray           Conj/Hex       ##....       16%         3    ##.....


Dungeon Overview and Level Annotations

Branches:
Dungeon (4/15)
 Temple: D:4-7

Altars:
Ashenzari
Dithmenos
Fedhas
Kikubaaqudgha
Uskayaw
Wu Jian

Annotations:
D:4 Dowan, Duvessa


Innate Abilities, Weirdness & Mutations

You are very small and have problems with some larger weapons.
You are too small for most types of armour.
You have supernaturally acute eyesight. (SInv)
You are a herbivore.
You cover ground extremely quickly.
You need to consume almost no food.


Message History

An adder comes into view.
The adder hisses angrily.
You closely miss the adder. The adder misses you.
Casting: Confuse (safe; 7% risk of failure)
Confirm with . or Enter, or press ? or * to list all spells.
Aiming: Confuse (safe; 7% risk of failure)
Press: ? - help, Shift-Dir - straight line, f - adder
Aim: an adder (chance to defeat MR: 59%)
The adder resists with significant effort.
The adder misses you. The adder closely misses you.
You miss the adder. The adder misses you.
Casting: Confuse (safe; 7% risk of failure)
Confirm with . or Enter, or press ? or * to list all spells.
Aiming: Ensorcelled Hibernation (safe; 5% risk of failure)
Press: ? - help, Shift-Dir - straight line, f/p - adder
Aim: an adder (chance to defeat MR: 55%)
The adder looks drowsy...
The helpless adder fails to defend itself.
You stick the adder like a pincushion!!!
You kill the adder!
Dithmenos accepts your kill.
e - 8 rations (gained 1) Dowan, Brother of Duvessa comes into view.
He is wielding a +2 dagger of venom.
Press: ? - help, v - describe, . - travel
Here: Dowan, wielding a +2 dagger of venom and wearing a +0 robe (resting)
The floor.
Dowan is too close now for your liking.
You are feeling hungry.
You eat one of the 8 rations.
That ration really hit the spot!
Dowan is too close now for your liking.
Duvessa, Sister of Dowan comes into view.
She is wielding a +0 short sword.
The helpless Duvessa fails to defend herself.
You impale Duvessa!!
Duvessa is almost dead.
You hit Duvessa.
Duvessa is almost dead.
Duvessa misses you.
You barely miss Duvessa.
Duvessa is almost dead.
Duvessa completely misses you.
Casting: Ensorcelled Hibernation (safe; 4% risk of failure)
Confirm with . or Enter, or press ? or * to list all spells.
Aiming: Ensorcelled Hibernation (safe; 4% risk of failure)
Press: ? - help, Shift-Dir - straight line, f - Duvessa
Aim: Duvessa, wielding a +0 short sword and wearing a +0 ring mail (almost dead, chance to defeat MR: 29%) Duvessa easily resists.
Duvessa hits you with a +0 short sword!
You hit Duvessa.
Duvessa is almost dead.
Duvessa misses you. Dowan closely misses you.
You hit Duvessa but do no damage.
Duvessa is almost dead.
Duvessa misses you.
You barely miss Duvessa.
Duvessa is almost dead.
Dowan barely misses you.
You barely miss Duvessa.
Duvessa is almost dead.
Duvessa misses you. Dowan closely misses you.
You closely miss Duvessa.
Duvessa is almost dead.
Duvessa hits you with a +0 short sword! Dowan closely misses you.
Casting: Ensorcelled Hibernation (safe; 4% risk of failure)
Confirm with . or Enter, or press ? or * to list all spells.
Aiming: Confuse (safe; 7% risk of failure)
Press: ? - help, Shift-Dir - straight line, f/p - Duvessa
Aim: Duvessa, wielding a +0 short sword and wearing a +0 ring mail (almost dead, chance to defeat MR: 32%) Duvessa easily resists.
Duvessa hits you with a +0 short sword.
* * * LOW HITPOINT WARNING * * *
Dowan closely misses you.
Casting: Confuse (safe; 7% risk of failure)
Confirm with . or Enter, or press ? or * to list all spells.
Aiming: Confuse (safe; 7% risk of failure)
Press: ? - help, Shift-Dir - straight line, f - Dowan, p - Duvessa
Aim: Dowan, wielding a +2 dagger of venom and wearing a +0 robe (chance to defeat MR: 50%) Dowan resists with some effort.
Duvessa closely misses you. Dowan misses you.
Casting: Confuse (safe; 7% risk of failure)
Confirm with . or Enter, or press ? or * to list all spells.
Aiming: Ensorcelled Hibernation (safe; 4% risk of failure)
Press: ? - help, Shift-Dir - straight line, f/p - Dowan
Aim: Dowan, wielding a +2 dagger of venom and wearing a +0 robe (chance to defeat MR: 47%) Dowan resists with some effort.
Duvessa barely misses you. Dowan barely misses you.
Casting: Ensorcelled Hibernation (safe; 4% risk of failure)
Confirm with . or Enter, or press ? or * to list all spells.
Aiming: Ensorcelled Hibernation (safe; 4% risk of failure)
Press: ? - help, Shift-Dir - straight line, f - Duvessa, p - Dowan
Aim: Duvessa, wielding a +0 short sword and wearing a +0 ring mail (almost dead, chance to defeat MR: 29%) Duvessa easily resists.
Duvessa closely misses you. Dowan closely misses you.
Casting: Ensorcelled Hibernation (safe; 4% risk of failure)
Confirm with . or Enter, or press ? or * to list all spells.
Aiming: Ensorcelled Hibernation (safe; 4% risk of failure)
Press: ? - help, Shift-Dir - straight line, f/p - Duvessa
Aim: Duvessa, wielding a +0 short sword and wearing a +0 ring mail (almost dead, chance to defeat MR: 29%) Duvessa easily resists.
Duvessa barely misses you.
Dowan points at you and mumbles some strange words.
You resist with almost no effort.
You barely miss Duvessa.
Duvessa is almost dead.
Duvessa hits you with a +0 short sword!
You die...

#.. #.. #.# #.# #.#
#.# #.# #.# #.# #.#
#.# #.# #.# #e# #.#
#@# #.#
##e##############.#
#.................#
###################


You could see Duvessa and Dowan.

Vanquished Creatures
  An ogre (D:4)
  A crimson imp (D:2)
  An iguana (D:3)
  2 orc wizards (D:4)
  A worker ant (D:4)
  6 adders
  2 oozes
  A dart slug (D:1)
  2 worms (D:2)
  4 leopard geckos
  10 orcs
  A ball python (D:1)
  11 bats
  2 giant cockroaches
  2 goblins
  5 hobgoblins
  5 jackals (D:3)
  A quokka (D:2)
  5 frilled lizards
  6 kobolds
  2 rats
71 creatures vanquished.

Notes
Turn   | Place    | Note
-------+----------+-------------------------------------------
     0 | D:1      | MisterOstroum the Spriggan Enchanter began the quest for
                  | the Orb.
     0 | D:1      | Reached XP level 1. HP: 9/9 MP: 5/5
   144 | D:1      | Reached XP level 2. HP: 12/13 MP: 3/6
   366 | D:1      | Learned a level 2 spell: Ensorcelled Hibernation
   789 | D:1      | Reached skill level 5 in Stealth
   972 | D:2      | Reached XP level 3. HP: 16/16 MP: 8/8
  1409 | D:2      | Found an ancient bone altar of Kikubaaqudgha.
  1409 | D:2      | Found a blossoming altar of Fedhas.
  1458 | D:2      | Reached skill level 1 in Ice Magic
  1458 | D:2      | Reached XP level 4. HP: 21/21 MP: 6/10
  1796 | D:2      | Found a shattered altar of Ashenzari.
  2455 | D:3      | Learned a level 3 spell: Confuse
  2573 | D:3      | Reached XP level 5. HP: 24/24 MP: 9/12
  3276 | D:3      | Found an ornate altar of the Wu Jian Council.
  3936 | D:4      | Reached skill level 6 in Stealth
  4046 | D:4      | Noticed an ogre
  4053 | D:4      | Killed an ogre
  4053 | D:4      | Reached XP level 6. HP: 28/28 MP: 12/14
  4190 | D:4      | Reached skill level 5 in Spellcasting
  4295 | D:4      | Found a shadowy altar of Dithmenos.
  4295 | D:4      | Found a hide-covered altar of Uskayaw.
  4300 | D:4      | Became a worshipper of Dithmenos the Shadowed
  4464 | D:4      | Noticed Dowan
  4507 | D:4      | Noticed Duvessa
  4524 | D:4      | Slain by Duvessa

Skill      XL: |  1  2  3  4  5  6 |
---------------+-------------------+-----
Spellcasting   | 3 4 5 |  5.0
Hexes          | 4 |  4.1
Stealth        | 5 6 |  6.0
Short Blades   | 2 3 |  3.9
Ice Magic      | 1 2 |  2.2
Dodging        | |  3.0

Action                   |  1- 3 |  4- 6 || total
-------------------------+-------+-------++-------
Melee: Dagger            |    54 |   131 ||   185
Throw: Stone             |     2 |    14 ||    16
 Cast: Corona            |     3 |       ||     3
       Ensorcelled Hiber |     8 |    42 ||    50
       Confuse           |       |    19 ||    19
 Stab: Sleeping          |    21 |    29 ||    50
       Confused          |       |     5 ||     5
  Eat: Ration            |       |     3 ||     3
Armor: Robe              |    10 |    11 ||    21
Dodge: Dodged            |    31 |   129 ||   160
